 Dungeon Crawl Stone Soup version 0.22-a0-40-g3d2f077 (webtiles) character file.

89 4thArraOfDagon the Slasher (level 4, -3/27 HPs)
             Began as a Deep Elf Fighter on Jan 4, 2018.
             Slain by Edmund
             ... wielding a +4 dire flail of draining
              (13 damage)
             ... on level 4 of the Dungeon.
             The game lasted 00:04:38 (1141 turns).

4thArraOfDagon the Slasher (Deep Elf Fighter)       Turns: 1141, Time: 00:04:39

Health: -3/27      AC:  7    Str: 13    XL:     4   Next: 31%
Magic:  6/6        EV:  7    Int: 14    God:
Gold:   115        SH:  8    Dex: 14    Spells: 3/3 levels left

rFire    . . .     SeeInvis .   m - +0 blowgun
rCold    . . .     Gourm    .   c - +0 shield
rNeg     . . .     Faith    .   o - +1 ring mail of Vanity {rElec Slay+2} (curse)
rPois    .         Spirit   .   (no helmet)
rElec    +         Reflect  .   (no cloak)
rCorr    .         Harm     .   p - +0 pair of gloves
MR       .....                  (no boots)
Stlth    +.........             (no amulet)
HPRegen  0.09/turn              (no ring)
MPRegen  0.10/turn              (no ring)

@: drained
A: no striking features
a: no special abilities


You were on level 4 of the Dungeon.
You were very hungry.

You visited 1 branch of the dungeon, and saw 4 of its levels.

You collected 115 gold pieces.

Inventory:

Hand Weapons
 a - a +0 long sword
 m - a +0 blowgun (weapon)
Armour
 b - a +0 scale mail
 c - a +0 shield (worn)
 g - a +0 scale mail
 o - the cursed +1 ring mail of Vanity (worn) {rElec Slay+2}
   (You found it on level 4 of the Dungeon)

   It affects your accuracy and damage with ranged weapons and melee attacks
   (+2).
   It insulates you from electricity.
   It has a curse placed upon it.
 p - a +0 pair of gloves (worn)
Scrolls
 e - 2 scrolls of identify {unknown}
 h - 2 scrolls of immolation {unknown}
 k - 2 scrolls of remove curse {unknown}
 n - a scroll of enchant weapon {unknown}
Potions
 d - a potion of might
 i - a potion of agility
 j - a potion of curing
 l - a potion of resistance {unknown}
Comestibles
 f - 5 rations


   Skills:
 - Level 2.4(2.0) Fighting
 * Level 4.2(3.8) Long Blades
 - Level 2.4(2.0) Armour
 - Level 2.4(2.0) Shields


You had 3 spell levels left.
You didn't know any spells.

Dungeon Overview and Level Annotations

Branches:
Dungeon (4/15)
 Temple: D:4-7

Altars:
Dithmenos
Kikubaaqudgha
Trog

Annotations:
D:4 Edmund


Message History

Unknown command.
Firing (i - inventory):
l - a curare-tipped needle (quivered)
Press: ? - help, Shift-Dir - straight line, f/p - Edmund
Aim: Edmund, wielding a dire flail of draining and wearing a ring mail (heavily wounded)
You shoot a curare-tipped needle. The curare-tipped needle hits Edmund.
Edmund is poisoned.
Edmund convulses.
Edmund seems to slow down.
Edmund is severely wounded.
Unknown command.
l - a viscous purple potion
There are no items here.
Edmund looks more healthy.
q - a curare-tipped needle
There are no items here.
Firing (i - inventory):
q - a curare-tipped needle (quivered)
Press: ? - help, Shift-Dir - straight line, f/p - Edmund
Aim: Edmund, wielding a dire flail of draining and wearing a ring mail (severely wounded)
You shoot a curare-tipped needle.
The curare-tipped needle barely misses Edmund.
Edmund hits you with a dire flail of draining!
You die...

.........#######
.##.#.###.........#
..>.......@..@....#
#..###.#.######..# #
#....(...# #..####.#
#$.....### ##......#.
.....#...$# #@.......
##.####.#@#######.###....
..........@.(.......+ ...
############......###. ..
..................
########.......##.#
............##..#
######.#...# #.##
######.#..(###..##
#..................
#.#####.#.#..###.##


You could see Edmund.

Vanquished Creatures
  Terence (D:3)
  An adder (D:3)
  3 leopard geckos
  4 orcs (D:3)
  3 giant cockroaches
  6 goblins
  5 hobgoblins
  4 jackals
  5 kobolds
  7 bats
  5 frilled lizards
  5 rats
49 creatures vanquished.

Notes
Turn   | Place    | Note
-------+----------+-------------------------------------------
     0 | D:1      | 4thArraOfDagon the Deep Elf Fighter began the quest for the Orb.
     0 | D:1      | Reached XP level 1. HP: 13/13 MP: 3/3
    70 | D:2      | Reached skill level 2 in Long Blades
   166 | D:1      | Reached XP level 2. HP: 13/18 MP: 4/4
   312 | D:3      | Found a bloodstained altar of Trog.
   312 | D:3      | Found an ancient bone altar of Kikubaaqudgha.
   312 | D:3      | Found a shadowy altar of Dithmenos.
   413 | D:1      | Reached skill level 3 in Long Blades
   455 | D:1      | Reached XP level 3. HP: 16/22 MP: 5/5
   758 | D:3      | Noticed Terence
   874 | D:3      | Killed Terence
   874 | D:3      | Reached skill level 4 in Long Blades
   874 | D:3      | Reached XP level 4. HP: 17/27 MP: 6/6
  1004 | D:4      | Got an ichor-stained ring mail
  1015 | D:4      | Identified the cursed +1 ring mail of Vanity {rElec Slay+2} (You found it on level 4 of the Dungeon)
  1058 | D:4      | Noticed Edmund
  1141 | D:4      | Slain by Edmund

Vault maps used:
D:1:      wheals_arrival_shading, grunt_decor_cap, minmay_misc_feat_pillars,
          roderic_lattice_a
D:3:      gammafunk_temple_overflow_forgotten, kennysheep_generic_room_4,
          uniq_terence
D:4:      uniq_edmund

Skill      XL: |  1  2  3 |
---------------+----------+-----
Long Blades    | 2 3 4 |  4.2
Fighting       | |  2.4
Armour         | |  2.4
Shields        | |  2.4

Action                   |  1- 3 |  4- 6 || total
-------------------------+-------+-------++-------
Melee: Long sword        |   168 |       ||   168
 Fire: Blowgun           |     3 |     8 ||    11
  Use: Potion            |     3 |       ||     3
Armor: Scale mail        |    87 |       ||    87
Dodge: Dodged            |    80 |       ||    80
Block: Shield            |    87 |     2 ||    89
       Rpst.: Long sword |    27 |       ||    27

Table legend:
 A = Spawn XP
 B = Non-spawn XP
 C = Spawn XP percentage of total XP
 D = Spawn monster count
 E = Non-spawn monster count
 F = Spawn count percentage of total count
 G = Total turns spent on level
                    A         B        C        D         E        F      G
               +---------+---------+-------+---------+---------+-------+---------
         Total |       0 |     128 |   0.0 |       0 |      49 |   0.0 |  1141
               +---------+---------+-------+---------+---------+-------+---------
           D:1 |       0 |      32 |   0.0 |       0 |      19 |   0.0 |   354
           D:2 |       0 |      12 |   0.0 |       0 |       7 |   0.0 |   189
           D:3 |       0 |      84 |   0.0 |       0 |      23 |   0.0 |   420
               +---------+---------+-------+---------+---------+-------+---------
